 Dungeon Crawl Stone Soup version 0.31-a0-188-g5e087ee2ca (webtiles) character file.

Game seed: 1383684560470441771

95 qw the Shooter (level 4, 0/25 HPs)
             Began as a Deep Elf Hunter on June 22, 2023.
             Was an Initiate of Okawaru.
             Killed from afar by an orc wizard (6 damage)
             ... with a puff of flame
             ... on level 3 of the Dungeon.
             The game lasted 00:00:42 (2283 turns).

qw the Shooter (Deep Elf Hunter)                    Turns: 2283, Time: 00:00:42

Health: 0/25       AC:  6    Str: 10    XL:     4   Next: 40%
Magic:  6/6        EV: 11    Int: 14    God:    Okawaru [......]
Gold:   59         SH:  0    Dex: 18    Spells: 3/3 levels left

rFire   . . .        Y - +0 shortbow
rCold   . . .        (shield currently unavailable)
rNeg    . . .        a - +0 ring mail
rPois   .            (no helmet)
rElec   .            (no cloak)
rCorr   .            d - +0 pair of gloves
SInv    .            (no boots)
Will    .....        (no amulet)
Stlth   +            (no ring)
HPRegen 0.24/turn    (no ring)
MPRegen 0.10/turn

%: no passive effects
@: no status effects
A: no striking features
a: Renounce Religion


You were on level 3 of the Dungeon.
You worshipped Okawaru.
Okawaru was noncommittal.
You visited 1 branch of the dungeon, and saw 3 of its levels.

You collected 59 gold pieces.


   Skills:
 - Level 1.5 Fighting
 + Level 7.8 Ranged Weapons
 - Level 2.4 Dodging
 - Level 1.2 Stealth


You had 3 spell levels left.
You didn't know any spells.
Your spell library was empty.

Inventory:

Hand Weapons
 Y - a +0 shortbow (weapon)
Armour
 a - a +0 ring mail (worn)
 d - a +0 pair of gloves (worn)
Scrolls
 f - 2 scrolls of identify
Potions
 b - a potion of experience {unknown}
 c - a potion of attraction {unknown}
 e - a potion of heal wounds {unknown}

Dungeon Overview and Level Annotations

Branches:
Dungeon (3/15)

Altars:
Okawaru
Sif Muna
The Shining One

Annotations:
D:1 exclusion: gnoll


Message History

The orc is moderately wounded.
The orc barely misses you.
You shoot an arrow. The arrow barely misses the orc.
The orc closely misses you. The orc hits you with a +0 hand axe.
Something hits you but does no damage.
You shoot an arrow.
The arrow hits the orc but does no damage.
The orc is moderately wounded.
Something hits you. The orc misses you.
You shoot an arrow. The arrow barely misses the orc.
Something hits you but does no damage. The orc hits you with a +0 hand axe.
You shoot an arrow. The arrow hits the orc!
You kill the orc!
Okawaru accepts your kill. Something hits you but does no damage.
You shoot an arrow. Something hits you but does no damage.
You shoot an arrow. Something hits you but does no damage.
You shoot an arrow. Something hits you.
You shoot an arrow. Something barely misses you.
Something hits you but does no damage.
You shoot an arrow. Something hits you but does no damage.
You shoot an arrow. Something hits you but does no damage.
You shoot an arrow. Something hits you but does no damage.
You shoot an arrow. Something hits you but does no damage.
You shoot an arrow. Something hits you but does no damage.
You shoot an arrow. Something hits you.
You shoot an arrow.
You hear some strange, mumbled words.
A puff of flame appears from out of thin air!
The puff of flame hits you.
You die...

...........#
......>....#
....^......##
............##
.............#
...........#.#
...........#.#
..########.#.##
.. #.#@.#
#.)#{.# .....
....# #.....
....# #.....
...># #.....
...## #...).
...# #.....
...#


There were no monsters in sight!

Vanquished Creatures
  3 adders (D:2)
  A gnoll (D:1)
  2 worms (D:2)
  3 orcs (D:3)
  4 bats
  9 endoplasms
  A giant cockroach (D:1)
  3 goblins
  7 hobgoblins
  2 quokkas
  2 ball pythons
  4 frilled lizards
  3 kobolds (D:2)
  3 rats
47 creatures vanquished.

Notes
Turn   | Place    | Note
-------+----------+-------------------------------------------
     0 | D:1      | qw the Deep Elf Hunter began the quest for the Orb.
     0 | D:1      | Reached XP level 1. HP: 12/12 MP: 3/3
     0 | D:1      | 0 ||| qw: Version: 0.3-a-9-g12657ce
     0 | D:1      | 0 ||| qw: Game counter: 3026
     0 | D:1      | 0 ||| qw: Always use a shield: true
     0 | D:1      | 0 ||| qw: God list: Okawaru
     0 | D:1      | 0 ||| qw: Allow faded altars: false
     0 | D:1      | 0 ||| qw: Do Orc after D:15 true
     0 | D:1      | 0 ||| qw: Do second Lair branch before Depths: true
     0 | D:1      | 0 ||| qw: Lair rune preference: random
     0 | D:1      | 0 ||| qw: Plans: Normal
     0 | D:1      | 0 ||| PLANNING D:1-11
    95 | D:1      | 95 ||| FLEEEEING.
    96 | D:1      | 96 ||| FLEEEEING.
    97 | D:1      | 97 ||| FLEEEEING.
    98 | D:1      | 98 ||| FLEEEEING.
    99 | D:1      | 99 ||| FLEEEEING.
   188 | D:1      | 188 ||| DROPPING scroll of butterflies.
   192 | D:1      | Reached skill level 6 in Ranged Weapons
   192 | D:1      | Reached XP level 2. HP: 8/16 MP: 4/4
  1045 | D:1      | 1045 ||| READING scroll labelled WABBEC VAZY.
  1077 | D:2      | Found a faded altar of an unknown god.
  1119 | D:2      | Reached XP level 3. HP: 20/20 MP: 5/5
  1167 | D:2      | Reached skill level 7 in Ranged Weapons
  1349 | D:2      | You fall into a shaft and drop 1 floor!
  1359 | D:3      | Found an iron altar of Okawaru.
  1360 | D:3      | 1360 ||| PLANNING OKAWARU WORSHIP
  1360 | D:3      | 1360 ||| UPGRADING to +0 ring mail.
  1370 | D:3      | 1370 ||| DROPPING +0 leather armour.
  1371 | D:3      | 1371 ||| UPGRADING to +0 pair of gloves.
  1381 | D:3      | Became a worshipper of Warmaster Okawaru
  1382 | D:3      | 1382 ||| PLANNING D:1-11
  1400 | D:3      | 1400 ||| FLEEEEING.
  1401 | D:3      | 1401 ||| FLEEEEING.
  1402 | D:3      | 1402 ||| STAIRDANCE
  1407 | D:2      | Found a glowing golden altar of the Shining One.
  1710 | D:2      | Reached XP level 4. HP: 15/25 MP: 6/6
  2070 | D:2      | 2070 ||| READING 2 scrolls labelled MAINAU ZUTEGGO.
  2162 | D:3      | Found a shimmering blue altar of Sif Muna.
  2282 | D:3      | HP: 5/25 [something (4)]
  2283 | D:3      | Killed from afar by an orc wizard

Levels and vault maps discovered:
D:1:      elethiomel_arrival_maze, layout_basic
D:2:      layout_loops_corners, basic_altar,
          ebering_ecumenical_altar_sacrificial, minmay_3d_cube
D:3:      layout_basic, nicolae_sif_muna_little_library,
          mainiacjoe_overflow_six_doors_small

Skill      XL: |  1  2  3 |
---------------+----------+-----
Ranged Weapons | 6 7 |  7.8
Fighting       | |  1.5
Dodging        | |  2.4
Stealth        | |  1.2

Action                     |  1- 3 |  4- 6 || total
---------------------------+-------+-------++-------
   Fire: Shortbow          |   111 |    53 ||   164
    Use: Scroll            |     1 |     1 ||     2
 Armour: Leather armour    |     6 |       ||     6
         Ring mail         |     9 |    13 ||    22
  Dodge: Dodged            |    37 |    13 ||    50

Table legend:
 A = Non-vault XP
 B = Vault XP
 C = Vault XP percentage of total XP
 D = Non-vault monster count
 E = Vault monster count
 F = Vault count percentage of total count
                 A         B        C        D         E       F
            +---------+---------+-------+---------+---------+-------
      Total |     119 |      18 |  13.1 |      43 |       4 |   8.5
            +---------+---------+-------+---------+---------+-------
        D:1 |      34 |       0 |   0.0 |      13 |       0 |   0.0
        D:2 |      67 |      18 |  21.2 |      22 |       4 |  15.4
        D:3 |      18 |       0 |   0.0 |       8 |       0 |   0.0
            +---------+---------+-------+---------+---------+-------
